 Dungeon Crawl Stone Soup version 0.27-a0-1090-gb115f176c6 (webtiles) character file.

Game seed: 2793145716480557201

404 karrick the Magician (level 6, 0/41 HPs)
             Began as a Djinni Fire Elementalist on Apr 27, 2021.
             Was an Initiate of Okawaru.
             Slain by an ice beast (13 damage)
             ... on level 6 of the Dungeon.
             The game lasted 00:10:34 (5008 turns).

karrick the Magician (Djinni Fire Elementalist)     Turns: 5008, Time: 00:10:35

Health: 0/41       AC:  4    Str:  9    XL:     6   Next: 86%
Gold:   159        EV: 13    Int: 17    God:    Okawaru [......] SH:  0 Dex: 19

rFire    + + .     SeeInvis .   d - +0 dagger
rCold    x . .     Faith    .   (no shield)
rNeg     . . .     Spirit   .   a - +0 robe
rPois    ∞         Reflect  .   (no helmet)
rElec    .         Harm     .   (no cloak)
rCorr    .         Rampage  .   k - +1 pair of gloves
Will     .....                  (boots unavailable)
Stlth    ++........             (no amulet)
HPRegen  0.13/turn              r - +6 ring of dexterity
MPRegen  0.00/turn              m - ring of wizardry

@: mighty, flying
A: fire resistance 2, cold vulnerability 1, float, innate caster, hp casting,
extra vitality 1
a: Renounce Religion


You were on level 6 of the Dungeon.
You worshipped Okawaru.
Okawaru was noncommittal.
You visited 2 branches of the dungeon, and saw 7 of its levels.

You collected 159 gold pieces.

Inventory:

Hand Weapons
 d - a +0 dagger (weapon)
Armour
 a - a +0 robe (worn)
 k - a +1 pair of gloves (worn)
 o - a +2 scale mail of cold resistance
Jewellery
 c - a ring of see invisible
 m - a ring of wizardry (right hand)
 r - a +6 ring of dexterity (left hand)
Scrolls
 h - a scroll of enchant armour {unknown}
 i - a scroll of summoning {unknown}
 j - a scroll of immolation
 l - 2 scrolls of enchant weapon {unknown}
 q - a scroll of noise {unknown}
 s - a scroll of fear {unknown}
Potions
 g - a potion of berserk rage {unknown}
 n - a potion of flight {unknown}
 p - a potion of magic {unknown}


   Skills:
 + Level 0.8 Fighting
 + Level 3.1 Dodging
 + Level 2.6 Stealth
 + Level 5.6 Spellcasting


You couldn't memorise any spells.
You knew the following spells:

 Your Spells              Type           Power      Damage    Failure   Level
a - Foxfire               Conj/Fire      96%        2x1d8     1%          1
b - Conjure Flame         Conj/Fire      24%        6-21      1%          3
c - Inner Flame           Hex/Fire       24%        N/A       1%          3
d - Sticky Flame          Conj/Fire      24%        2d5       5%          4
e - Fireball              Conj/Fire      12%        3d7       16%         5
f - Shock                 Conj/Air       96%        1d9       1%          1
g - Static Discharge      Conj/Air       24%        N/A       1%          2
Your spell library was empty.

Dungeon Overview and Level Annotations

Branches:
Dungeon (7/15)             Temple (1/1) D:7

Altars:
Ashenzari
Cheibriados
Dithmenos
Elyvilon
Fedhas
Gozag
Hepliaklqana
Kikubaaqudgha
Makhleb
Nemelex Xobeh
Okawaru
Qazlal
Ru
Sif Muna
Trog
Uskayaw
Vehumet
Wu Jian
Xom
Yredelemnul
Zin
The Shining One
Beogh

Shops:
D:1 (=

Annotations:
D:4 Grinder, Menkaure, Natasha
D:6 1 runed translucent door, Crazy Yiuf, Dowan


Innate Abilities, Weirdness & Mutations

You are immune to poison.
Your flesh is very heat resistant. (rF++)
You are vulnerable to cold. (rC-)
You float through the air rather than walking.
You learn spells naturally, not from books.
Your magical power is your life essence.
You have superior vitality. (+4 HP)


Message History

* * * LOW HITPOINT WARNING * * *
Casting: Foxfire (safe; 1% risk of failure)
Confirm with . or Enter, or press ? or * to list all spells.
You conjure some foxfire!
* * * LOW HITPOINT WARNING * * *
The foxfire hits the ice beast.
The ice beast melts!
The ice beast is moderately wounded.
Unknown command.
Okay, then.
You aren't carrying any items that you can evoke.
Unknown command.
You feel much better.
You feel very mighty all of a sudden. The ice beast closely misses you.
You aren't carrying any items that you can evoke.
You're wearing all the rings you can.
Remove which one? (? for menu, Esc to cancel) < or
c - a ring of see invisible; > or
m - a ring of wizardry You remove your ring of see invisible.
The ice beast misses you.
You feel agile.
r - a +6 ring of dexterity (left hand)
You hit the ice beast.
The ice beast is moderately wounded.
The ice beast completely misses you.
You hit the ice beast.
The ice beast is heavily wounded.
The ice beast hits you but does no damage.
You hit the ice beast.
The ice beast is severely wounded.
The ice beast hits you. The ice beast freezes you!!
You feel a terrible chill!
You barely miss the ice beast.
The ice beast is severely wounded.
The ice beast barely misses you.
You hit the ice beast.
The ice beast is severely wounded.
The ice beast hits you but does no damage.
You barely miss the ice beast.
The ice beast is severely wounded.
The ice beast hits you. The ice beast freezes you!
You feel a terrible chill!
You die...

........../....###...##
...............#≈#....
...............#≈#...
...............#≈#.#
.#....##........≈..#
.#.... ##.......≈$.#
#.... #......ns..# #...
#......#Y#.# #......#@#
# ##.....### #.!...#
#...... #...... #......
### #).


You could see an ice beast, a necrophage and a scorpion.

Vanquished Creatures
  A howler monkey (D:3)
  A hound (D:2)
  3 orc priests (D:3)
  7 gnolls
  7 adders
  A shadow imp (D:3)
  An ufetubus (D:7)
  A worm (D:2)
  A dart slug (D:3)
  15 orcs
  8 ball pythons
  7 bats
  8 endoplasms
  A giant cockroach (D:1)
  6 goblins
  6 hobgoblins
  6 jackals (D:1)
  A quokka (D:3)
  4 frilled lizards
  2 kobolds
  2 rats
89 creatures vanquished.

Vanquished Creatures (others)
  322 foxfires
  A fungus (D:6)
323 creatures vanquished.

Grand Total: 412 creatures vanquished

Notes
Turn   | Place    | Note
-------+----------+-------------------------------------------
     0 | D:1      | karrick the Djinni Fire Elementalist began the quest for
                  | the Orb.
     0 | D:1      | Reached XP level 1. HP: 15/15 MP: 0/0
    96 | D:1      | Found Cadaotueshe's Weapon Shoppe.
   149 | D:1      | Found Jaypol's Jewellery Shoppe.
   222 | D:1      | Reached skill level 3 in Spellcasting
   222 | D:1      | Reached XP level 2. HP: 15/21 MP: 0/0
   669 | D:1      | Reached XP level 3. HP: 23/25 MP: 0/0
   669 | D:1      | Learned a level 1 spell: Shock
   869 | D:1      | Found a faded altar of an unknown god.
  1525 | D:2      | Reached XP level 4. HP: 26/31 MP: 0/0
  1654 | D:2      | Reached skill level 4 in Spellcasting
  2238 | D:2      | Reached XP level 5. HP: 31/35 MP: 0/0
  2238 | D:2      | Learned a level 2 spell: Static Discharge
  3003 | D:3      | Reached XP level 6. HP: 36/41 MP: 0/0
  3158 | D:3      | Reached skill level 5 in Spellcasting
  3883 | D:4      | Noticed Grinder
  4089 | D:4      | Noticed Natasha
  4090 | D:4      | Found a blossoming altar of Fedhas.
  4294 | D:4      | Noticed Menkaure
  4683 | D:4      | You are sucked into a shaft and drop 3 floors!
  4683 | D:7      | Found a staircase to the Ecumenical Temple.
  4686 | Temple   | Entered the Ecumenical Temple
  4757 | Temple   | Became a worshipper of Warmaster Okawaru
  4927 | D:6      | Found a runed translucent door.
  4927 | D:6      | Noticed Crazy Yiuf
  4957 | D:6      | Noticed Dowan
  4974 | D:6      | Noticed a necrophage
  4975 | D:6      | Noticed an ice beast
  5008 | D:6      | Slain by an ice beast

Illustrated notes

Levels and vault maps discovered:
D:1:      amcnicky_arrival_wind_blow, layout_basic,
          hellmonk_ecumenical_altar_blasted, serial_shops, nicolae_shop_trees,
          nicolae_shop_window_shopping
D:2:      layout_basic
D:3:      layout_loops_ring, kennysheep_orc_chapel
D:4:      layout_loops_ring, fedhas_altar_fruit_tree, minmay_misc_feat_hallway,
          uniq_pikel, uniq_grinder, uniq_robin, uniq_menkaure, uniq_natasha
D:6:      layout_basic, serial_rivers, chequers_serial_rivers_micro_c,
          chequers_serial_rivers_marsh, chequers_serial_rivers_room_a,
          chequers_serial_rivers_micro_e, chequers_serial_rivers_micro_a,
          chequers_serial_rivers_micro_c, uniq_duvessa, uniq_crazy_yiuf_cottage
D:7:      layout_basic, minmay_temple_entry_antechambers, serial_shops,
          nicolae_shop_overgrown_old_shop
Temple:   dpeg_three_leaves_temple

Skill      XL: |  1  2  3  4  5  6 |
---------------+-------------------+-----
Spellcasting   | 3 4 5 |  5.6
Stealth        | 2 |  2.6
Dodging        | 3 |  3.1
Fighting       | |  0.8

Action                   |  1- 3 |  4- 6 || total
-------------------------+-------+-------++-------
Melee: Dagger            |     8 |    30 ||    38
 Cast: Foxfire           |    59 |   144 ||   203
  Use: Potion            |       |     4 ||     4
       Scroll            |       |     2 ||     2
Armor: Robe              |     2 |     9 ||    11
Dodge: Dodged            |    10 |    38 ||    48

Table legend: (Time is in decaauts)
 A = Elapsed time spent in this place.
 B = Non-inter-level travel time spent in this place.
 C = Inter-level travel time spent in this place.
 D = Time resting spent in this place.
 E = Time spent auto-exploring this place.
 F = Levels seen in this place.
 G = Mean time per level.
                   A        B        C        D        E       F      G
               +--------+--------+--------+--------+--------+-----+--------+
         Total |   5007 |   4825 |    182 |    291 |   3737 |   7 |  715.3 |
       Dungeon |   4925 |   4743 |    182 |    291 |   3673 |   6 |  820.8 |
        Temple |     81 |     81 |      0 |      0 |     64 |   1 |   81.0 |
               +--------+--------+--------+--------+--------+-----+--------+

Top non-repeatable levels by time:
     D:3: 1797 daAuts
     D:1: 1496 daAuts
     D:2: 1215 daAuts
     D:4: 174 daAuts
     D:7: 162 daAuts
  Temple: 81 daAuts
     D:6: 79 daAuts
